 Dungeon Crawl Stone Soup version 0.22-a0-456-g11ed031617 (webtiles) character file.

1183 Kriby the Chopper (level 8, -2/61 HPs)
             Began as a Human Abyssal Knight on June 7, 2018.
             Was a Priest of Lugonu.
             Succumbed to Edmund's poison
             ... on level 6 of the Dungeon.
             The game lasted 00:07:37 (7276 turns).

Kriby the Chopper (Human Abyssal Knight)            Turns: 7276, Time: 00:07:38

Health: -2/61      AC: 13    Str: 15    XL:     8   Next: 70%
Magic:  11/11      EV: 12    Int: 17    God:    Lugonu [***...]
Gold:   230        SH:  0    Dex: 13    Spells: 7/7 levels left

rFire    . . .     SeeInvis .   h - +2 hand axe (flame)
rCold    . . .     Gourm    .   (no shield)
rNeg     . . .     Faith    .   g - +0 chain mail
rPois    .         Spirit   .   o - +0 helmet
rElec    .         Reflect  .   (no cloak)
rCorr    .         Harm     .   w - +0 pair of gloves
MR       .....                  t - +0 pair of boots
Stlth    ..........             (no amulet)
HPRegen  0.20/turn              v - +4 ring of evasion
MPRegen  0.12/turn              s - +5 ring of intelligence

@: lethally poisoned (-2 -> -41), flying
A: no striking features
a: Depart the Abyss, Bend Space, Banish, Renounce Religion


You were on level 6 of the Dungeon.
You worshipped Lugonu.
Lugonu was most pleased with you.
You were very hungry.

You visited 1 branch of the dungeon, and saw 6 of its levels.
You visited the Abyss 1 time.
You also visited: Sewer.

You collected 230 gold pieces.

Inventory:

Hand Weapons
 a - a +1 hand axe
 d - a +0 spear
 e - a cursed +0 hunting sling
 h - a +2 hand axe of flaming (weapon)
Armour
 b - a +0 leather armour
 g - a +0 chain mail (worn)
 j - a +0 ring mail
 o - a +0 helmet (worn)
 q - a +1 scale mail
 t - a +0 pair of boots (worn)
 w - a +0 pair of gloves (worn)
Jewellery
 s - a +5 ring of intelligence (right hand)
 v - a +4 ring of evasion (left hand)
 z - an uncursed ring of resist corrosion {unknown}
Scrolls
 i - 2 scrolls of magic mapping
 k - 4 scrolls of fear
 m - 4 scrolls of identify {@r1}
 n - 4 scrolls of teleportation {@r3}
 p - a scroll of remove curse {@r2}
 y - a scroll of fog {unknown}
 A - a scroll of enchant armour
Potions
 f - a potion of lignification {unknown}
 l - 3 potions of flight
 r - 3 potions of curing {unknown}
 u - 2 potions of ambrosia {unknown}
 x - 2 potions of degeneration {unknown}
 B - 3 potions of heal wounds {unknown}
 D - a potion of berserk rage {unknown}
Comestibles
 c - 7 rations {@e1}


   Skills:
 + Level 4.6 Fighting
 * Level 5.6 Axes
 + Level 3.5 Throwing
 + Level 4.1 Armour
 + Level 3.5 Dodging
 + Level 4.2 Invocations


You had 7 spell levels left.
You didn't know any spells.
Your spell library was empty.

Dungeon Overview and Level Annotations

Branches:
Dungeon (6/15)             Temple (0/1) D:5

Altars:
Okawaru
Sif Muna

Annotations:
D:2 Sigmund
D:6 Edmund


Message History

You are more poisoned.
You hit Edmund. You burn Edmund.
Edmund is heavily wounded.
You feel very sick. Edmund hits you with a flail of venom.
* * * LOW HITPOINT WARNING * * *
You are more poisoned.
* * * LOW HITPOINT WARNING * * *
You feel very sick.
* * * LOW HITPOINT WARNING * * *
You feel very sick.
* * * LOW HITPOINT WARNING * * *
You feel very sick.
* * * LOW HITPOINT WARNING * * *
You feel very sick.
It was a potion of flight.
You feel very buoyant.
You fly up into the air.
You are feeling very hungry.
You die...

#.#.# #.#.#
##.## #.#.#
......##.#.#####
......'........+
......##.#.#####
..... #.#.# ....
#@#.# ... #@#.#
.. #.#.# . #<#.#
###.#


You could see Edmund.

Vanquished Creatures
  Duvessa (D:5)
  2 big kobolds
  2 scorpions
  Dowan (D:5)
  A crimson imp (D:5)
  6 orc priests (D:4)
  3 orc wizards (D:4)
  A gnoll shaman (D:5)
  2 worker ants
  Jessica (D:2)
  Terence (D:2)
  2 iguanas
  A hound zombie (D:5)
  4 adders
  7 gnolls
  2 river rats
  A shadow imp (D:4)
  4 oozes
  An adder skeleton (D:6)
  A worm (D:5)
  5 dart slugs
  4 leopard geckos
  23 orcs
  4 giant cockroaches
  11 goblins
  12 hobgoblins
  6 jackals
  A quokka (D:3)
  5 ball pythons
  7 bats
  5 frilled lizards
  17 kobolds
  5 rats
149 creatures vanquished.

Notes
Turn   | Place    | Note
-------+----------+-------------------------------------------
     0 | Abyss:1  | Kriby the Human Abyssal Knight began the quest for the Orb.
     0 | Abyss:1  | Reached XP level 1. HP: 18/18 MP: 2/2
    29 | Abyss:1  | Noticed a fire giant skeleton
    42 | Abyss:1  | Noticed a purple very ugly thing
    45 | Abyss:1  | Noticed an eye of draining
    60 | Abyss:1  | Found a corrupted altar of Lugonu.
    61 | Abyss:1  | Noticed a small abomination
    68 | D:1      | Escaped the Abyss
   256 | D:1      | Reached XP level 2. HP: 24/24 MP: 3/3
   277 | D:1      | Reached * piety under Lugonu
   557 | D:1      | Reached XP level 3. HP: 29/29 MP: 4/4
  1344 | D:2      | Noticed Terence
  2008 | D:2      | Reached XP level 4. HP: 35/35 MP: 5/5
  2017 | D:2      | Reached skill level 1 in Throwing
  2205 | D:2      | Reached skill level 3 in Axes
  2232 | D:2      | Killed Terence
  2374 | D:2      | Reached XP level 5. HP: 33/41 MP: 6/6
  2508 | D:2      | Noticed Jessica
  3048 | D:2      | Killed Jessica
  3051 | D:2      | Noticed Sigmund
  3431 | D:3      | Found an iron altar of Okawaru.
  3757 | D:3      | Reached XP level 6. HP: 47/47 MP: 8/8
  3891 | D:3      | Reached ** piety under Lugonu
  4859 | D:4      | Reached skill level 4 in Axes
  5038 | D:4      | Reached XP level 7. HP: 52/53 MP: 9/9
  5549 | D:4      | Found a deep blue altar of Sif Muna.
  5869 | D:5      | Entered Level 5 of the Dungeon
  5901 | D:5      | Found a glowing drain.
  5965 | Sewer    | Entered a sewer
  6037 | Sewer    | Reached *** piety under Lugonu
  6037 | Sewer    | Reached skill level 5 in Axes
  6037 | Sewer    | Reached XP level 8. HP: 58/60 MP: 10/10
  6063 | Sewer    | Found a white marble altar of Elyvilon.
  6451 | D:5      | Noticed Dowan
  6476 | D:5      | Killed Dowan
  6502 | D:5      | Noticed Duvessa
  6535 | D:5      | Killed Duvessa
  6803 | D:5      | Found a staircase to the Ecumenical Temple.
  7249 | D:6      | Noticed Edmund
  7275 | D:6      | HP: 2/61 [poisoned by Edmund]
  7276 | D:6      | Succumbed to Edmund's poison

Vault maps used:
D:1:      dpeg_arrival_refuge
D:2:      first_ration, uniq_sigmund, uniq_jessica, uniq_terence
D:3:      minivault_5, serial_bayou_pond_d, kennysheep_okawaru_gauntlet
D:4:      kennysheep_mini_moat, kennysheep_cross_bottleneck
D:5:      temple_pool_b, portal_sewer_entry_a, nicolae_zen_rock_garden,
          uniq_duvessa
D:6:      lemuel_doored_altar, interstate_on_off, makhleb_altar_promises_db,
          uniq_edmund, uniq_grinder
Abyss:1:  hangedman_abyss_or_decor_clamps
Sewer:    sewer_kobolds

Skill      XL: |  1  2  3  4  5  6  7  8 |
---------------+-------------------------+-----
Throwing       | 1 2 3 |  3.5
Axes           | 3 4 5 |  5.6
Dodging        | 2 3 |  3.5
Invocations    | 3 4 |  4.2
Armour         | 3 4 |  4.1
Fighting       | 4 |  4.6

Action                   |  1- 3 |  4- 6 |  7- 9 || total
-------------------------+-------+-------+-------++-------
Melee: Hand axe          |   104 |   187 |   313 ||   604
Invok: Depart the Abyss  |     1 |       |       ||     1
  Use: Potion            |     2 |       |     1 ||     3
       Scroll            |       |     4 |     5 ||     9
 Stab: Sleeping          |     1 |       |       ||     1
  Eat: Chunk             |     2 |    11 |     7 ||    20
Armor: Leather armour    |     5 |       |       ||     5
       Ring mail         |    26 |    11 |       ||    37
       Scale mail        |       |    31 |       ||    31
       Chain mail        |       |    20 |   150 ||   170
Dodge: Dodged            |    88 |   134 |   180 ||   402

Table legend:
 A = Spawn XP
 B = Non-spawn XP
 C = Spawn XP percentage of total XP
 D = Spawn monster count
 E = Non-spawn monster count
 F = Spawn count percentage of total count
 G = Total turns spent on level
                    A         B        C        D         E        F      G
               +---------+---------+-------+---------+---------+-------+---------
         Total |       0 |    1690 |   0.0 |       0 |     149 |   0.0 |  7276
               +---------+---------+-------+---------+---------+-------+---------
           D:1 |       0 |      39 |   0.0 |       0 |      19 |   0.0 |  1630
           D:2 |       0 |     193 |   0.0 |       0 |      30 |   0.0 |  1403
           D:3 |       0 |      89 |   0.0 |       0 |      22 |   0.0 |  1709
           D:4 |       0 |     616 |   0.0 |       0 |      40 |   0.0 |  1059
           D:5 |       0 |     557 |   0.0 |       0 |      26 |   0.0 |  1229
           D:6 |       0 |      71 |   0.0 |       0 |       2 |   0.0 |    36
         Sewer |       0 |     125 |   0.0 |       0 |      10 |   0.0 |   142
               +---------+---------+-------+---------+---------+-------+---------
